 Dungeon Crawl Stone Soup version 0.26-a0-519-gb2f46efeda (webtiles) character file.

Game seed: 9692490207857418225

50446 KristoblXynda the Carver (level 14, -2/99 HPs)
             Began as a Vampire Berserker on Aug 10, 2020.
             Was the Champion of Trog.
             Slain by an eight-headed hydra (6 damage)
             ... on level 2 of the Lair of Beasts.
             The game lasted 00:27:14 (18624 turns).

KristoblXynda the Carver (Vampire Berserker)       Turns: 18624, Time: 00:27:14

Health: -2/99      AC: 16    Str: 31    XL:     14   Next: 19%
Magic:  14/14      EV: 19    Int: 13    God:    Trog [******]
Gold:   2469       SH:  5    Dex: 14    Spells: 13/13 levels left

rFire    + . .     SeeInvis +   D - +8 great sword "Kunack" {flame, rC+}
rCold    + . .     Faith    .   (shield currently unavailable)
rNeg     . . .     Spirit   .   v - +5 scale mail "Vexofran" {rElec Str+5}
rPois    +         Reflect  +   s - +0 helmet
rElec    +         Harm     .   t - scarf {repulsion}
rCorr    .                      z - +0 pair of gloves {Str+3}
MR       +....                  (no boots)
Stlth    +++.......             o - amulet of reflection
HPRegen  0.46/turn              F - +6 ring of strength
MPRegen  0.14/turn              e - ring of Vukhluasu {rPois rF+}

@: regenerating quickly, slowed, repel missiles, very slow
A: fangs 3, see invisible, unbreathing
a: Exsanguinate, Berserk, Trog's Hand, Brothers in Arms, Renounce Religion


You were on level 2 of the Lair of Beasts.
You worshipped Trog.
Trog was exalted by your worship.
You visited 3 branches of the dungeon, and saw 18 of its levels.

You collected 3478 gold pieces.
You spent 1009 gold pieces at shops.

Inventory:

Hand Weapons
 y - a +8 scimitar of freezing
 D - the +8 great sword "Kunack" (weapon) {flame, rC+}
   (Trog gifted it to you on level 12 of the Dungeon)

   It has been specially enchanted to burn those struck by it, causing extra
   injury to most foes and up to half again as much damage against particularly
   susceptible opponents.
   Big, fiery blades are also staple armaments of hydra-hunters.
   It protects you from cold.
 I - a +2 scimitar of flaming
Missiles
 a - a throwing net (quivered)
Armour
 s - a +0 helmet (worn)
 t - a scarf of repulsion (worn)
 v - the +5 scale mail "Vexofran" (worn) {rElec Str+5}
   (You bought it in a shop on level 8 of the Dungeon)

   It affects your strength (+5).
   It insulates you from electricity.
 z - a +0 pair of gloves of strength (worn)
Jewellery
 e - the ring of Vukhluasu (right hand) {rPois rF+}
   (You found it on level 4 of the Dungeon)

   [ring of poison resistance]

   It protects you from fire.
   It protects you from poison.
 h - a +6 ring of intelligence
 j - an uncursed ring of protection from magic {unknown}
 o - an amulet of reflection (around neck)
 F - a +6 ring of strength (left hand)
 H - a +6 ring of dexterity {unknown}
 M - an uncursed ring of protection from cold {unknown}
Wands
 m - a wand of digging (1)
 w - a wand of iceblast (23)
 O - a wand of acid (6)
Scrolls
 f - 4 scrolls of enchant armour
 g - 2 scrolls of blinking
 i - a scroll of amnesia
 k - 7 scrolls of remove curse
 p - 11 scrolls of teleportation
 x - a scroll of fear
 B - 3 scrolls of immolation
 L - a scroll of enchant weapon
 N - a scroll of magic mapping
Potions
 b - a potion of magic
 c - a potion of cancellation
 d - 10 potions of curing
 l - 2 potions of lignification
 n - 2 potions of brilliance
 q - 4 potions of haste
 r - a potion of mutation {unknown}
 u - 2 potions of resistance
 A - 3 potions of might
 C - 2 potions of flight
 E - a potion of stabbing
 G - 3 potions of heal wounds
 J - a potion of ambrosia {unknown}
 K - 2 potions of berserk rage {unknown}


   Skills:
 + Level 5.7 Fighting
 + Level 14.4 Long Blades
 + Level 10.8 Armour
 + Level 13.6 Dodging
 - Level 10.1 Stealth
 - Level 5.0 Evocations


You had 13 spell levels left.
You didn't know any spells.
Your spell library contained the following spells:

 Spells                   Type           Power        Failure   Level
 Freeze                   Ice            #...         47%         1
 Frozen Ramparts          Ice            #.....       85%         3
 Ozocubu's Armour         Ice            #.......     85%         3
 Hailstorm                Conj/Ice       #.......     99%         4
 Summon Ice Beast         Ice/Summ       #.......     99%         4


Dungeon Overview and Level Annotations

Branches:
Dungeon (15/15)            Temple (1/1) D:6            Lair (2/6) D:10
    Orc (0/2) D:10         Vaults (0/5) D:13         Depths (0/5) D:15
  Swamp: Lair:2-4    Shoals: Lair:2-4     Snake: Lair:2-4    Spider: Lair:2-4

Altars:
Ashenzari
Cheibriados
Dithmenos
Elyvilon
Fedhas
Gozag
Hepliaklqana
Kikubaaqudgha
Makhleb
Nemelex Xobeh
Okawaru
Qazlal
Ru
Sif Muna
Trog
Uskayaw
Vehumet
Wu Jian
Xom
Yredelemnul
Zin
The Shining One

Shops:
D:6 *   D:8 [   D:15 !

Portals:
Trove: D:11 (give 15 scrolls of teleportation)

Annotations:
D:7 2 transporters, Valentain's ghost, novice OpIE
D:9 exclusion: ice statue
D:12 4 runed translucent doors


Innate Abilities, Weirdness & Mutations

Your natural rate of healing is unusually fast.
You have razor-sharp teeth.
You have supernaturally acute eyesight. (SInv)
You can survive without breathing.


Message History

* * * LOW HITPOINT WARNING * * *
The eight-headed hydra bites you.
* * * LOW HITPOINT WARNING * * *
You barely miss the eight-headed hydra.
The eight-headed hydra is severely wounded.
The eight-headed hydra closely misses you.
The eight-headed hydra bites you!
* * * LOW HITPOINT WARNING * * *
The eight-headed hydra bites you.
* * * LOW HITPOINT WARNING * * *
The eight-headed hydra bites you but does no damage.
The eight-headed hydra bites you.
* * * LOW HITPOINT WARNING * * *
The eight-headed hydra bites you.
* * * LOW HITPOINT WARNING * * *
You block the eight-headed hydra's attack.
The eight-headed hydra misses you.
You block the eight-headed hydra's attack.
The eight-headed hydra misses you. The eight-headed hydra bites you.
You die... ...###.## # . ..........P.## ....#### ##.##.......##. ..### .. .... #.#####.....###. ..# ..# ...# .....##.......#. ..# ..##... .....##.....##.. ..# .....##YYY.. #.....##.. ..# #.... wYY

#.....P##. ..# #..##D##
##.....#### ..#
#..#@..#.##......### ..########
#................#.##
...#.##..####....................
.................................
...............................†÷
.................###.#.......†...
.....##.#........#..###......#.P.
..##..##.#............##.....#.P†
..##.....##...........#......##..


You could see an eight-headed hydra, a torpor snail and 5 yaks.

Vanquished Creatures
  A very ugly thing (D:15)
  2 hydras
  2 centaur warriors
  A queen ant (D:11)
  2 two-headed ogres
  Urug (D:12)
  10 skeletal warriors
  4 unseen horrors
  A deep troll (D:13)
  A glowing orange brain (shapeshifter) (D:15)
  A phantasmal warrior (D:13)
  Pikel (D:5)
  A deep elf mage (D:13)
  A wolf spider (D:15)
  2 manticores
  21 ugly things
  4 cyclopes
  A black mamba (Lair:2)
  A naga mage (D:15)
  3 gargoyles
  5 cane toads
  Maggie (D:7)
  A rime drake (Lair:2)
  An efreet (D:14)
  2 komodo dragons
  A troll (D:13)
  A hornet (D:10)
  3 meliai (D:13)
  5 blink frogs (Lair:2)
  9 hippogriffs
  Sigmund (D:6)
  2 wyverns
  4 wraiths
  A shadow (D:11)
  13 yaks
  A basilisk (D:15)
  2 vampire mosquitoes (D:12)
  Menkaure (D:6)
  21 soldier ants
  9 water moccasins
  5 porcupines
  9 sky beasts
  2 necrophages
  9 ogres
  3 ice beasts
  4 orc warriors
  A black bear (D:10)
  3 phantoms
  8 centaurs
  5 crocodiles
  2 big kobolds
  9 bullfrogs
  3 scorpions
  10 killer bees (D:10)
  4 howler monkeys
  13 wights
  A bullfrog zombie (D:10)
  7 jellies
  4 hounds
  4 orc priests
  10 orc wizards
  3 centaur skeletons
  5 gnoll shamans (D:10)
  2 bullfrog skeletons
  Terence (D:2)
  3 iguanas
  36 worker ants
  4 worker ant zombies
  9 gnolls (D:10)
  2 howler monkey skeletons
  7 adders
  2 shadow imps
  3 white imps
  5 ufetubi
  2 oozes
  An adder skeleton (D:7)
  A worm (D:3)
  2 dart slugs
  9 leopard geckos
  30 orcs
  2 ball pythons
  8 bats
  4 giant cockroaches
  8 goblins
  8 hobgoblins
  8 jackals
  7 quokkas
  9 frilled lizards
  15 kobolds
  A quokka zombie (D:3)
  7 rats
  3 fungi (D:10)
  3 plants (D:10)
471 creatures vanquished.

Vanquished Creatures (others)
  A worker ant (D:14)
  A kobold (D:14)
  A fungus (D:10)
  3 plants
6 creatures vanquished.

Grand Total: 477 creatures vanquished

Notes
Turn   | Place    | Note
-------+----------+-------------------------------------------
     0 | D:1      | KristoblXynda the Vampire Berserker began the quest for the
                  | Orb.
     0 | D:1      | Reached XP level 1. HP: 17/17 MP: 1/1
    89 | D:1      | Reached XP level 2. HP: 23/23 MP: 2/2
   400 | D:1      | Reached XP level 3. HP: 23/29 MP: 3/3
   879 | D:2      | Found a shimmering altar of Xom.
   881 | D:2      | Noticed Terence
   901 | D:2      | Killed Terence
   901 | D:2      | Reached XP level 4. HP: 22/35 MP: 4/4
  1015 | D:2      | Reached ** piety under Trog
  2163 | D:4      | Reached XP level 5. HP: 41/41 MP: 5/5
  2212 | D:4      | Reached skill level 4 in Long Blades
  2307 | D:4      | Reached *** piety under Trog
  2611 | D:4      | Got a transparent granite ring
  2866 | D:4      | Reached XP level 6. HP: 46/48 MP: 6/6
  2978 | D:5      | Entered Level 5 of the Dungeon
  3039 | D:5      | Found a shattered altar of Ashenzari.
  3041 | D:5      | Found a radiant altar of Vehumet.
  3202 | D:5      | Identified the ring of Vukhluasu {rPois rF+} (You found it
                  | on level 4 of the Dungeon)
  3379 | D:5      | Noticed Pikel
  3400 | D:5      | Killed Pikel
  3400 | D:5      | Reached skill level 5 in Long Blades
  3400 | D:5      | Reached skill level 5 in Dodging
  3400 | D:5      | Reached XP level 7. HP: 55/55 MP: 7/7
  4136 | D:6      | Found Ushiu's Serpentskin Sales.
  4159 | D:6      | Reached skill level 5 in Fighting
  4159 | D:6      | Reached XP level 8. HP: 62/62 MP: 8/8
  4261 | D:6      | Noticed Menkaure
  4271 | D:6      | Killed Menkaure
  4815 | D:6      | Found a staircase to the Ecumenical Temple.
  4830 | D:6      | Reached skill level 6 in Long Blades
  4837 | Temple   | Entered the Ecumenical Temple
  5255 | D:6      | Found a hide-covered altar of Uskayaw.
  5278 | D:6      | Noticed Sigmund
  5292 | D:6      | Killed Sigmund
  5365 | D:6      | Reached skill level 5 in Armour
  5365 | D:6      | Reached skill level 5 in Stealth
  5382 | D:6      | Reached XP level 9. HP: 16/68 MP: 9/9
  6136 | D:7      | Reached **** piety under Trog
  6396 | D:7      | Found a burning altar of Makhleb.
  6398 | D:7      | Found a shimmering blue altar of Sif Muna.
  6398 | D:7      | Found a shimmering altar of Xom.
  6400 | D:7      | Found a glowing golden altar of the Shining One.
  6400 | D:7      | Found a shimmering altar of Xom.
  6400 | D:7      | Found a glowing golden altar of the Shining One.
  6587 | D:7      | Noticed Maggie
  6587 | D:7      | Noticed a skeletal warrior
  6591 | D:7      | Noticed a skeletal warrior
  6592 | D:7      | Noticed a skeletal warrior
  6619 | D:7      | Killed Maggie
  6619 | D:7      | Reached skill level 7 in Long Blades
  6794 | D:7      | Found a transporter.
  6795 | D:7      | Noticed a moth of wrath
  6797 | D:7      | Noticed Valentain's ghost (novice OpIE)
  6830 | D:7      | Found a transporter.
  7698 | D:8      | Found Kett's Antique Armour Boutique.
  7721 | D:8      | Bought a pair of embroidered gloves for 240 gold pieces
  7734 | D:8      | Found an ancient bone altar of Kikubaaqudgha.
  8162 | D:8      | Identified a scroll of acquirement
  8219 | D:9      | Noticed a two-headed ogre
  8228 | D:9      | Killed a two-headed ogre
  8228 | D:9      | Reached XP level 10. HP: 74/74 MP: 10/10
  8313 | D:9      | Reached skill level 8 in Long Blades
  8423 | D:9      | Acquired 2470 gold pieces
  8435 | D:9      | Noticed an ice statue
  8645 | D:9      | Found a shimmering blue altar of Sif Muna.
  8999 | D:8      | Bought a glowing scarf for 256 gold pieces
  8999 | D:8      | Bought a warped scale mail for 288 gold pieces
  9010 | D:8      | Identified the +5 scale mail "Vexofran" {rElec Str+5} (You
                  | bought it in a shop on level 8 of the Dungeon)
  9032 | D:10     | Entered Level 10 of the Dungeon
  9087 | D:10     | Reached skill level 10 in Stealth
  9144 | D:10     | Reached ***** piety under Trog
  9199 | D:10     | Found a staircase to the Orcish Mines.
  9347 | D:10     | Reached skill level 1 in Evocations
  9484 | D:10     | Found a staircase to the Lair.
  9487 | D:10     | Reached skill level 9 in Long Blades
  9579 | D:10     | Reached XP level 11. HP: 79/79 MP: 11/11
 10205 | D:11     | Reached skill level 10 in Dodging
 10621 | D:11     | Found a portal to a secret trove of treasure.
 10705 | D:11     | Noticed a queen ant
 10733 | D:11     | Killed a queen ant
 10755 | D:11     | Reached ****** piety under Trog
 10859 | D:11     | Reached skill level 10 in Long Blades
 11292 | D:12     | Found a runed translucent door.
 11332 | D:12     | Found a runed translucent door.
 11346 | D:12     | Found a runed translucent door.
 11357 | D:12     | Found a runed translucent door.
 11407 | D:12     | Noticed a brown ugly thing
 11421 | D:12     | Killed a brown ugly thing
 11567 | D:12     | Noticed a white ugly thing
 11579 | D:12     | Killed a white ugly thing
 11669 | D:12     | Noticed Urug
 11677 | D:12     | Killed Urug
 11677 | D:12     | Received a gift from Trog
 11677 | D:12     | Reached skill level 5 in Evocations
 11677 | D:12     | Reached XP level 12. HP: 66/86 MP: 12/12
 11680 | D:12     | Got a transparent great sword {god gift}
 11685 | D:12     | Identified the +8 great sword "Kunack" {flame, rC+} (Trog
                  | gifted it to you on level 12 of the Dungeon)
 12210 | D:13     | Noticed a seven-headed hydra
 12224 | D:13     | Killed a six-headed hydra
 12224 | D:13     | Reached skill level 11 in Long Blades
 12515 | D:13     | Noticed a centaur warrior
 12531 | D:13     | Killed a centaur warrior
 13189 | D:13     | Noticed a two-headed ogre
 13195 | D:13     | Killed a two-headed ogre
 13195 | D:13     | Reached skill level 12 in Long Blades
 13282 | D:13     | Found a gate to the Vaults.
 13757 | D:14     | Reached XP level 13. HP: 12/91 MP: 13/13
 14221 | D:14     | Received a gift from Trog
 14251 | D:14     | Reached skill level 13 in Long Blades
 14581 | D:15     | Entered Level 15 of the Dungeon
 14595 | D:15     | Reached skill level 10 in Armour
 15196 | D:15     | Noticed a purple very ugly thing
 15207 | D:15     | Killed a purple very ugly thing
 15468 | D:15     | Found a staircase to the Depths.
 15752 | D:15     | Found Zaerapof's Distillery.
 15779 | D:15     | Bought a potion of heal wounds for 75 gold pieces
 15779 | D:15     | Bought a potion of heal wounds for 75 gold pieces
 15779 | D:15     | Bought a potion of heal wounds for 75 gold pieces
 15792 | D:15     | Reached skill level 14 in Long Blades
 16642 | Lair:1   | Entered Level 1 of the Lair of Beasts
 16932 | Lair:1   | Reached XP level 14. HP: 95/98 MP: 14/14
 17905 | Lair:2   | Received a gift from Trog
 18624 | Lair:2   | HP: 4/99 [eight-headed hydra (4)]
 18624 | Lair:2   | Slain by an eight-headed hydra

Illustrated notes

Levels and vault maps discovered:
D:1:      minmay_arrival_cross, layout_basic, st_stairs_5
D:2:      layout_basic, old_standard_altar, uniq_terence
D:3:      layout_basic
D:4:      layout_cave_pods, minmay_crystal_water
D:5:      layout_basic, minitemple, uniq_pikel
D:6:      layout_basic, eat_drink_and_be_merry_uskayaw,
          minmay_temple_entry_proselytizer, guppyfry_shop_venom, uniq_sigmund,
          uniq_menkaure
D:7:      layout_loops_corners, gammafunk_ghost_berserking_beasts, st_stairs_10,
          doesnt_xom_only_xom, uniq_maggie
D:8:      layout_loops_ring, old_standard_altar, serial_shops, shop
D:9:      lemuel_ice_statue, layout_irregular_city, kennysheep_mini
D:10:     kennysheep_seaside_town, layout_basic, david_lair_shrubbed,
          orc_0_dummy
D:11:     layout_irregular_city, nicolae_trove_entry_crystal, minivault_29
D:12:     layout_loops_ring, minmay_statue_crystal_thing, uniq_urug
D:13:     layout_basic, david_vaults_4, drop_trap, item_on_display_a
D:14:     layout_irregular_city, grunt_ministairs_4
D:15:     hangedman_depths_entry_try_elsewhere_first, layout_loops_corners,
          serial_shops, nicolae_shop_statue_plus, serial_glass, glass_columns_a,
          glass_columns_a, glass_columns_b, glass_columns_a, glass_columns_b,
          glass_columns_c, glass_columns_a, glass_columns_b, glass_columns_c,
          glass_columns_b, glass_columns_a, glass_columns_b, glass_columns_a,
          glass_columns_a
Temple:   eino_temple_scatter_basement
Lair:1:   layout_layer_cave, serial_forest, infiniplex_forest_zigzag_1,
          infiniplex_forest_straight_1, infiniplex_forest_clump_tiny,
          infiniplex_forest_lined_2, infiniplex_forest_straight_4,
          infiniplex_forest_zigzag_1, infiniplex_forest_fountain,
          infiniplex_forest_zigzag_1
Lair:2:   layout_regular_city, wad_woods_road_01

Skill      XL: |  1  2  3  4  5  6  7  8  9 10 11 12 13 |
---------------+----------------------------------------+-----
Fighting       | 3 4 5 |  5.7
Armour         | 2 3 4 5 6 7 8 9 10 | 10.8
Dodging        | 3 5 6 8 9 11 12 13 | 13.6
Long Blades    | 4 5 6 7 9 10 12 14 | 14.4
Stealth        | 5 8 10 | 10.1
Evocations     | 2 5 |  5.0

Action                   |  1- 3 |  4- 6 |  7- 9 | 10-12 | 13-15 || total
-------------------------+-------+-------+-------+-------+-------++-------
Melee: Falchion          |    74 |   208 |   345 |       |       ||   627
       Bite              |     8 |    20 |    44 |   105 |    56 ||   233
       Scimitar          |       |       |    40 |   654 |   339 ||  1033
       Great sword       |       |       |       |    28 |     6 ||    34
Invok: Berserk           |     3 |     4 |     8 |     5 |     6 ||    26
       Trog's Hand       |       |       |     1 |       |       ||     1
Evoke: Wand              |       |       |       |     1 |     1 ||     2
  Use: Scroll            |       |     6 |    12 |     6 |     6 ||    30
       Potion            |       |       |     1 |       |     1 ||     2
 Stab: Sleeping          |       |       |       |    11 |     6 ||    17
       Distracted        |       |       |       |     1 |       ||     1
Armor: Animal skin       |    15 |       |       |       |       ||    15
       Scale mail        |       |    71 |    45 |   170 |    63 ||   349
       Chain mail        |       |       |    54 |    24 |       ||    78
Dodge: Dodged            |    57 |   138 |   132 |   459 |   150 ||   936
       Repelled          |       |       |       |     1 |       ||     1
Block: Other             |       |     9 |    64 |   147 |    45 ||   265
       Reflection        |       |       |     2 |     7 |     1 ||    10
       Rpst.: Falchion   |    16 |    45 |    26 |       |       ||    87
       Scimitar          |       |       |    10 |   121 |    36 ||   167
       Great sword       |       |       |       |     5 |     1 ||     6

Table legend: (Time is in decaauts)
 A = Elapsed time spent in this place.
 B = Non-inter-level travel time spent in this place.
 C = Inter-level travel time spent in this place.
 D = Time resting spent in this place.
 E = Time spent auto-exploring this place.
 F = Levels seen in this place.
 G = Mean time per level.
                   A        B        C        D        E       F      G
               +--------+--------+--------+--------+--------+-----+--------+
         Total |  18761 |  18009 |    752 |   3985 |  10133 |  18 | 1042.3 |
       Dungeon |  16580 |  15861 |    719 |   3985 |   8304 |  15 | 1105.3 |
        Temple |    229 |    212 |     17 |      0 |    208 |   1 |  229.0 |
          Lair |   1951 |   1935 |     16 |      0 |   1620 |   2 |  975.5 |
               +--------+--------+--------+--------+--------+-----+--------+

Top non-repeatable levels by time:
     D:6: 1872 daAuts
    D:14: 1595 daAuts
     D:7: 1498 daAuts
    D:13: 1322 daAuts
  Lair:1: 1240 daAuts
    D:10: 1235 daAuts
    D:15: 1171 daAuts
     D:5: 1102 daAuts
     D:1: 984 daAuts
    D:11: 971 daAuts
     D:8: 959 daAuts
    D:12: 943 daAuts
     D:9: 840 daAuts
     D:4: 810 daAuts
     D:3: 768 daAuts
